 Dungeon Crawl Stone Soup version 0.29-a0-297-g7659ce593d (webtiles) character file.

Game seed: 8013648955133140027

163 Argons the Skirmisher (level 5, 0/46 HPs)
             Began as a Ghoul Monk on Mar 20, 2022.
             Was a Believer of Makhleb.
             Splashed by a jelly's acid (10 damage)
             ... on level 6 of the Dungeon.
             The game lasted 00:17:12 (3500 turns).

Argons the Skirmisher (Ghoul Monk)                  Turns: 3500, Time: 00:17:14

Health: 0/46       AC: -4    Str: 17    XL:     5   Next: 44%
Magic:  5/5        EV: 12    Int:  5    God:    Makhleb [**....]
Gold:   127        SH:  0    Dex: 11    Spells: 4/4 levels left

rFire   . . .      SeeInvis .   a - +0 mace
rCold   + . .      Faith    .   (no shield)
rNeg    + + +      Spirit   .   b - +0 robe
rPois   ∞          Reflect  .   (no helmet)
rElec   .          Harm     .   (no cloak)
rCorr   .          Rampage  .   i - +0 pair of gloves
Will    .....                   g - +0 pair of boots
Stlth   ++........              (no amulet)
HPRegen 0.00/turn               (no ring)
MPRegen 0.09/turn               (no ring)

@: corroded, inhibited regen
A: claws 1, cold resistance 1, negative energy resistance 3, inhibited
regeneration, torment resistance 2, devour on kill
a: Renounce Religion, Minor Destruction


You were on level 6 of the Dungeon.
You worshipped Makhleb.
Makhleb was pleased with you.
You visited 1 branch of the dungeon, and saw 4 of its levels.

You collected 127 gold pieces.

Inventory:

Hand Weapons
 a - a +0 mace (weapon)
Missiles
 e - 4 poisoned darts (quivered)
Armour
 b - a +0 robe (worn)
 g - a +0 pair of boots (worn)
 i - a +0 pair of gloves (worn)
Wands
 h - a wand of digging (3)
Scrolls
 k - a scroll of fog
Potions
 c - a potion of ambrosia
 d - a potion of degeneration {unknown}
 f - 2 potions of heal wounds {unknown}
 j - a potion of haste {unknown}


   Skills:
 + Level 4.3 Fighting
 - Level 4.0 Maces & Flails
 - Level 2.6 Dodging
 - Level 3.0 Stealth
 + Level 2.4 Invocations


You had 4 spell levels left.
You didn't know any spells.
Your spell library contained the following spells:

 Spells                   Type           Power      Damage    Failure   Level
 Hailstorm                Conj/Ice       0%         3d3       99%         4
 Simulacrum               Ice/Necr       0%         N/A       100%        6
 Ice Form                 Ice/Tmut       Unusable   N/A       N/A         4

Dungeon Overview and Level Annotations

Branches:
Dungeon (3/15)

Altars:
Makhleb
Yredelemnul


Innate Abilities, Weirdness & Mutations

You are immune to poison.
You have sharp fingernails.
Your flesh is cold resistant. (rC+)
You are immune to negative energy. (rN+++)
You do not regenerate when monsters are visible.
You are immune to unholy pain and torment.
You thrive by killing the living.


Message History

k - a scroll of fog
Found a rapier.
There is a burning altar of Makhleb here.
You kneel at the altar of Makhleb.
Makhleb welcomes you!
You can now gain health from killing.
You can now harness Makhleb's destructive might.
Okay, then.
You see here a +0 rapier.
A jelly comes into view.
A jelly is nearby!
Aiming: Minor Destruction (8% risk of failure)
Press: ? - help, Shift-Dir - straight line, f - jelly
Aim: a jelly (asleep)
The jelly quivers.
The jelly resists with significant effort.
Aiming: Minor Destruction (8% risk of failure)
Press: ? - help, Shift-Dir - straight line, f/p - jelly
Aim: a jelly You fail to use your ability.
Aiming: Minor Destruction (8% risk of failure)
Press: ? - help, Shift-Dir - straight line, f/p - jelly
Aim: a jelly The glob of acid hits the jelly.
The jelly completely resists.
You hit the jelly. The acid corrodes you!
Your hands burn!
The jelly is lightly wounded.
The jelly hits you.
You are splashed with acid!
You barely miss the jelly.
The jelly is lightly wounded.
The jelly hits you.
You are splashed with acid!
The jelly barely misses you.
You hit the jelly.
Your hands burn!
The jelly is moderately wounded.
The jelly barely misses you.
You hit the jelly.
Your hands burn!
* * * LOW HITPOINT WARNING * * *
The jelly is heavily wounded.
The jelly hits you.
* * * LOW HITPOINT WARNING * * *
The acid corrodes you!
You are splashed with acid!
You die...

.# .. .# ## ....#
#. .##.# #. .##.#
#.###J##.#
#...@.##.#
####...####.######.
+..................
####...####.######
#........#
###.###### #.# #+#
#.# #.# #.#


You could see a jelly.

Vanquished Creatures
  Jessica (D:3)
  An orc wizard (D:6)
  3 adders
  A worm (D:2)
  A dart slug (D:1)
  An orc (D:6)
  3 endoplasms
  5 giant cockroaches
  10 goblins
  6 hobgoblins
  5 jackals (D:2)
  A quokka (D:1)
  3 ball pythons (D:1)
  9 bats
  4 frilled lizards (D:2)
  5 kobolds
  A rat (D:1)
60 creatures vanquished.

Vanquished Creatures (others)
  An orc wizard (D:6)
1 creature vanquished.

Grand Total: 61 creatures vanquished

Notes
Turn   | Place    | Note
-------+----------+-------------------------------------------
     0 | D:1      | Argons the Ghoul Monk began the quest for the Orb.
     0 | D:1      | Reached XP level 1. HP: 19/19 MP: 0/0
   361 | D:1      | Reached XP level 2. HP: 21/26 MP: 1/1
   612 | D:1      | Found a faded altar of an unknown god.
   929 | D:1      | Reached XP level 3. HP: 22/31 MP: 2/2
  2055 | D:2      | Reached XP level 4. HP: 25/38 MP: 3/3
  2742 | D:3      | Reached skill level 1 in Invocations
  2746 | D:3      | Identified the +1 leather armour "Diamp" {Regen+ Str-3
                  | Slay+3}
  2861 | D:3      | Noticed Jessica
  2873 | D:3      | Killed Jessica
  2884 | D:3      | HP: 2/40 [adder (4)]
  2887 | D:3      | Reached XP level 5. HP: 6/46 MP: 5/5
  3156 | D:3      | You fall into a shaft and drop 3 floors!
  3156 | D:6      | Found a basalt altar of Yredelemnul.
  3156 | D:6      | Found a burning altar of Makhleb.
  3436 | D:6      | Became a worshipper of Makhleb the Destroyer
  3436 | D:6      | Reached * piety under Makhleb
  3436 | D:6      | Reached ** piety under Makhleb
  3500 | D:6      | Splashed by a jelly's acid

Illustrated notes

Levels and vault maps discovered:
D:1:      spicycebolla_arrival_xxxplode, layout_basic, basic_ecumenical_altar,
          minivault_26
D:2:      minmay_spotlight, layout_loops_cross
D:3:      layout_basic, uniq_terence, uniq_grinder, uniq_jessica
D:6:      layout_loops_corners, grunt_temple_overflow_open, uniq_sigmund

Skill      XL: |  1  2  3  4 |
---------------+-------------+-----
Maces & Flails | 3 4 |  4.0
Stealth        | 3 |  3.0
Invocations    | 2 |  2.4
Fighting       | 4 |  4.3
Dodging        | |  2.6

Action                   |  1- 3 |  4- 6 || total
-------------------------+-------+-------++-------
Melee: Mace              |   154 |   101 ||   255
       Punch             |     4 |       ||     4
Throw: Dart              |     3 |     1 ||     4
Invok: Minor Destruction |       |     2 ||     2
  Use: Scroll            |     3 |     2 ||     5
       Potion            |       |     1 ||     1
 Stab: Sleeping          |     3 |     2 ||     5
Armor: Robe              |    33 |    40 ||    73
Dodge: Dodged            |   100 |    65 ||   165

Table legend: (Time is in decaauts)
 A = Elapsed time spent in this place.
 B = Non-inter-level travel time spent in this place.
 C = Inter-level travel time spent in this place.
 D = Time resting spent in this place.
 E = Time spent auto-exploring this place.
 F = Levels seen in this place.
 G = Mean time per level.
                   A        B        C        D        E       F      G
               +--------+--------+--------+--------+--------+-----+--------+
         Total |   3567 |   3462 |    105 |   1413 |    216 |   4 |  891.8 |
       Dungeon |   3567 |   3462 |    105 |   1413 |    216 |   4 |  891.8 |
               +--------+--------+--------+--------+--------+-----+--------+

Top non-repeatable levels by time:
     D:2: 1328 daAuts
     D:1: 1184 daAuts
     D:3: 705 daAuts
     D:6: 349 daAuts
